Map: 2000 Atmospheres LE

Players

A.I. 1 (Very Easy)

  • Race: Zerg Zerg
  • Spawn Location: 3:00

RustyShacky

  • Race: Terran Terran
  • League: Diamond
  • Spawn Location: 7:00

VOD

Have the link to the VOD?

Description

Time

  • Played on: May 16, 2022, 10:02 a.m.
  • Length: 10:53
Show
View Real Time Build Order
Export as new Build Order

A.I. 1 (Very Easy) Zerg 

Build Orders: Pool First 

Get SALT Encoding   

  12  0:01  Drone  
  13  0:12  Overlord  
  13  0:16  Drone  
  14  0:35  Spawning Pool  
  14  0:37  Extractor  
  14  0:39  Drone  
  13  0:47  Drone  
  14  0:51  Overlord  
  14  1:23  Queen, Zergling x2  
  17  1:30  Roach Warren  
  16  1:34  Drone  
  16  1:39  Extractor  
  16  1:40  Zergling x2  
  16  1:43  Drone  
  18  1:56  Drone  
  18  1:57  Zergling x2  
  20  2:06  Drone  
  21  2:17  Drone  
  22  2:28  Drone  
  23  2:30  Overlord  
  23  2:35  Drone  
  24  2:42  Drone  
  25  5:37  Drone  
  25  5:38  Lair  
  26  5:44  Drone  
  27  5:52  Drone  
  28  5:59  Drone  
  28  6:00  Overlord  
  29  6:06  Drone  
  29  6:08  Zergling x2  
  28  6:31  Zergling x2  
  29  6:38  Overseer  
  29  6:39  Overseer  
  29  6:40  Spire  
  29  6:41  Drone  
  29  6:55  Zergling x2  
  30  7:14  Hatchery  
  29  7:24  Hatchery, Zergling x2  
  29  7:32  Hatchery  
  29  7:33  Drone  
  29  7:43  Hatchery  
  28  7:44  Drone  
  29  7:52  Hatchery, Roach  
  30  8:02  Hatchery, Drone  
  30  8:12  Hatchery  
  29  8:13  Drone  
  29  8:15  Mutalisk  
  32  8:21  Hatchery  
  32  8:22  Drone  
  32  8:30  Hatchery  
  31  8:38  Hatchery  
  31  8:39  Drone  
  31  8:44  Zergling x2  
  31  8:47  Hatchery  
  31  8:52  Drone  
  31  9:05  Hatchery  
  30  9:13  Roach  
  31  9:38  Hatchery  
  30  9:41  Mutalisk  
  31  10:10  Zergling x2  
  13  10:22  Drone  
  7  10:29  Drone  
  7  10:30  Drone  
Show
View Real Time Build Order
Export as new Build Order

RustyShacky Terran 

Build Orders: Hellion Opening, Mech 

Get SALT Encoding   

  12  0:00  SCV  
  13  0:12  SCV  
  14  0:16  Supply Depot  
  14  0:24  SCV  
  15  0:38  SCV  
  15  0:39  Barracks  
  16  0:43  Refinery  
  16  0:50  SCV  
  17  1:02  SCV  
  18  1:14  SCV  
  19  1:26  Orbital Command, Marine  
  20  1:44  Command Center  
  20  1:46  Marine  
  21  1:53  SCV  
  21  2:03  Factory  
  21  2:07  SCV  
  22  2:11  Supply Depot  
  22  2:19  SCV  
  22  2:20  Barracks Reactor  
  23  2:27  Refinery  
  23  2:33  SCV  
  24  2:45  SCV  
  24  2:48  Starport  
  25  2:55  Orbital Command  
  25  2:57  SCV  
  26  3:02  Hellion  
  26  3:03  Hellion  
  30  3:09  SCV  
  31  3:21  SCV x2  
  31  3:23  Hellion  
  31  3:24  Hellion  
  37  3:27  Fusion Core  
  37  3:33  Supply Depot  
  37  3:34  SCV  
  38  3:35  SCV  
  39  3:41  Viking  
  39  3:45  Hellion  
  39  3:47  SCV  
  44  3:49  SCV  
  45  3:55  Supply Depot  
  45  3:57  Hellion  
  45  3:59  SCV  
  45  4:01  SCV  
  49  4:08  Hellion  
  51  4:12  Starport Tech Lab  
  51  4:13  SCV x2  
  53  4:19  Supply Depot  
  53  4:22  Supply Depot  
  53  4:25  SCV  
  53  4:26  SCV  
  55  4:32  Battlecruiser  
  61  4:39  SCV  
  61  4:41  Hellion x2, SCV  
  67  4:47  Supply Depot  
  67  4:53  SCV  
  67  4:54  SCV  
  67  4:56  Supply Depot  
  69  5:04  Command Center  
  69  5:05  SCV  
  69  5:06  SCV  
  71  5:12  Refinery  
  71  5:14  Refinery  
  71  5:17  Supply Depot, SCV  
  71  5:18  SCV  
  71  5:19  Supply Depot  
  71  5:21  Hellion  
  75  5:23  Hellion  
  77  5:37  Battlecruiser  
  77  5:42  Hellion  
  85  5:44  Supply Depot, Hellion  
  85  5:46  Supply Depot  
  87  5:52  Factory  
  87  5:54  Factory  
  87  6:03  Hellion  
  89  6:06  Hellion  
  89  6:09  Supply Depot x2  
  91  6:22  SCV x2  
  93  6:27  Hellion x2  
  93  6:31  Armory  
  97  6:34  Armory, SCV x2  
  97  6:35  Orbital Command  
  97  6:39  Factory Tech Lab  
  99  6:41  Factory Tech Lab  
  99  6:45  Supply Depot  
  99  6:46  Supply Depot, SCV x2  
  101  6:52  Battlecruiser  
  107  6:58  SCV x2  
  109  7:03  Siege Tank  
  109  7:07  Siege Tank  
  115  7:10  Supply Depot  
  115  7:12  Supply Depot  
  115  7:13  SCV x3  
  118  7:18  Refinery  
  118  7:20  Refinery  
  118  7:21  Terran Vehicle And Ship Armor Level 1  
  118  7:24  Terran Vehicle Weapons Level 1  
  118  7:25  SCV x2  
  118  7:28  SCV  
  121  7:34  Supply Depot  
  121  7:37  SCV x2  
  121  7:38  Thor  
  121  7:40  SCV  
  130  7:49  SCV x2  
  132  7:52  SCV  
  132  7:53  Thor, Supply Depot  
  132  7:55  Hellion x2  
  132  7:56  Supply Depot  
  143  8:01  SCV  
  143  8:02  SCV  
  143  8:04  SCV  
  146  8:14  Factory  
  146  8:16  Factory  
  146  8:21  Thor  
  152  8:27  Refinery  
  152  8:29  Refinery  
  152  8:30  Command Center  
  152  8:31  Hellion x2  
  156  8:36  Thor  
  156  8:39  Infernal Pre-Igniter  
  162  8:45  Engineering Bay  
  162  8:49  Weapon Refit  
  162  8:52  Hellion x2  
  166  9:01  Factory Tech Lab  
  166  9:02  Factory Tech Lab  
  166  9:04  Thor  
  172  9:12  Command Center x2  
  172  9:15  Hellion x2  
  176  9:20  Siege Tank  
  179  9:31  Siege Tank  
  182  9:40  Thor  
  182  9:41  Hellion x2  
  192  9:47  Hellion  
  192  9:48  Planetary Fortress  
  194  9:53  Hellion  
  196  10:02  Hellion x2  
  198  10:23  Hellion  
  200  10:31  Command Center  
  200  10:35  Command Center  
  200  10:36  Command Center  
  200  10:46  Factory  
  200  10:48  Factory  
Tags
 
Add a new tag
Caveats
  • Supply blocks, unpowered buildings, or Contaminate may cause inaccurate times.
  • Supply counts are checked every 10 seconds.